 Dungeon Crawl Stone Soup version 0.29.0-13-gc9e81de378 (webtiles) character file.

Game seed: 13950308826965489964

625 Therru the Cudgeller (level 7, -10/61 HPs)
             Began as a Minotaur Fighter on Sept 8, 2022.
             Was an Initiate of Makhleb.
             Mangled by a two-headed ogre
             ... wielding a +0 giant spiked club
              (12 damage)
             ... on level 5 of the Dungeon.
             The game lasted 00:19:39 (5319 turns).

Therru the Cudgeller (Minotaur Fighter)             Turns: 5319, Time: 00:19:39

Health: -10/61     AC:  8    Str: 22    XL:     7   Next: 23%
Magic:  6/6        EV: 10    Int:  5    God:    Makhleb [......]
Gold:   218        SH:  5    Dex: 10    Spells: 6/6 levels left

rFire   . . .      SeeInvis .   a - +0 flail
rCold   . . .      Faith    .   c - +0 buckler
rNeg    . . .      Spirit   .   b - +0 scale mail
rPois   .          Reflect  .   (helmet restricted)
rElec   .          Harm     .   g - +0 cloak
rCorr   .          Rampage  .   (no gloves)
Will    .....                   (no boots)
Stlth   ..........              (no amulet)
HPRegen 0.20/turn               (no ring)
MPRegen 0.10/turn               (no ring)

@: no status effects
A: horns 2, retaliatory headbutt
a: Renounce Religion


You were on level 5 of the Dungeon.
You worshipped Makhleb.
Makhleb was noncommittal.
You visited 2 branches of the dungeon, and saw 6 of its levels.

You collected 218 gold pieces.

Inventory:

Hand Weapons
 a - a +0 flail (weapon)
Missiles
 q - 3 javelins (quivered)
Armour
 b - a +0 scale mail (worn)
 c - a +0 buckler (worn)
 g - a +0 cloak (worn)
 h - a +0 ring mail
Wands
 x - a wand of charming (7)
Scrolls
 f - a scroll of silence {unknown}
 i - a scroll of amnesia {unknown}
 l - a scroll of enchant armour {unknown}
 m - a scroll of teleportation {unknown}
 n - a scroll of immolation {unknown}
 o - a scroll of brand weapon {unknown}
 r - a scroll of torment {unknown}
 u - 2 scrolls of identify
 v - a scroll of butterflies {unknown}
 w - a scroll of blinking {unknown}
Potions
 d - 2 potions of might
 e - 3 potions of haste
 j - 2 potions of attraction
 k - 5 potions of curing
 p - a potion of brilliance {unknown}
 s - a potion of lignification {unknown}
 t - a potion of heal wounds {unknown}


   Skills:
 + Level 5.2 Fighting
 * Level 5.9 Maces & Flails
 + Level 5.2 Armour
 + Level 3.2 Dodging
 + Level 5.2 Shields


You had 6 spell levels left.
You didn't know any spells.
Your spell library contained the following spells:

 Spells                   Type           Power      Damage    Failure   Level
 Apportation              Tloc           0%         N/A       86%         1
 Necrotise                Necr           0%         1d4       86%         1
 Summon Small Mammal      Summ           0%         N/A       86%         1
 Vampiric Draining        Necr           0%         2d6       99%         3
 Agony                    Necr           0%         N/A       100%        5


Dungeon Overview and Level Annotations

Branches:
Dungeon (5/15)             Temple (1/1) D:4

Altars:
Ashenzari
Cheibriados
Dithmenos
Elyvilon
Fedhas
Gozag
Hepliaklqana
Kikubaaqudgha
Makhleb
Nemelex Xobeh
Qazlal
Ru
Trog
Uskayaw
Vehumet
Wu Jian
Xom
Zin
The Shining One


Innate Abilities, Weirdness & Mutations

You have a pair of horns on your head.
You reflexively headbutt those who attack you in melee.


Message History

The scorpion stings you but does no damage.
The scorpion stings you.
You hit the scorpion.
You kill the scorpion!
Makhleb accepts your kill.
You start resting.
HP restored.
Things that are here:
a +1 dagger of speed; a +0 robe; an orc skeleton
Things that are here:
a +0 dagger; a +0 dagger
u - 2 scrolls of identify (gained 1)
j - 2 potions of attraction (gained 1)
Found a stone staircase leading down.
Okay, then.
There is a stone staircase leading down here.
There is a stone staircase leading down here.
A two-headed ogre comes into view.
It is wielding a +0 giant spiked club and a +0 giant club.
The two-headed ogre shouts in stereo!
The two-headed ogre attacks as you move away!
The two-headed ogre closely misses you. x2
You hit the two-headed ogre.
The two-headed ogre is lightly wounded.
The two-headed ogre hits you with a +0 giant spiked club!!
You block the two-headed ogre's attack.
You hit the two-headed ogre.
Your headbutt misses the two-headed ogre.
The two-headed ogre is lightly wounded.
The two-headed ogre hits you with a +0 giant spiked club.
The two-headed ogre hits you with a +0 giant club!
You are too injured to fight recklessly!
You are too injured to fight recklessly!
You hit the two-headed ogre. You headbutt the two-headed ogre.
The two-headed ogre is moderately wounded.
You closely miss the two-headed ogre.
The two-headed ogre is moderately wounded.
The two-headed ogre hits you with a +0 giant spiked club!!
* * * LOW HITPOINT WARNING * * *
The two-headed ogre hits you with a +0 giant club!
You die...

#### ..##### ###
###.#####.##.. ..#
#.......#.##.# #.#######
#.#.###....#.#####.#.)....
#>#@......##.#.####.
#.###.#O##.##.##.#)####.
#.......##.##..).....##.
#####.####.......#.#.##.
#...O...# #########.#.##.
####.#### #...... ..
#######..## #. #..........
# #.####...##


You could see a two-headed ogre.

Vanquished Creatures
  An orc warrior (D:5)
  2 scorpions
  A hound (D:4)
  A jelly (D:5)
  2 orc priests
  2 iguanas (D:4)
  3 orc wizards
  5 adders
  A worm (D:2)
  A dart slug (D:1)
  16 orcs
  13 ball pythons
  5 bats
  8 endoplasms
  4 giant cockroaches
  8 goblins
  6 hobgoblins
  2 jackals (D:2)
  12 kobolds
  3 quokkas
  5 frilled lizards
  5 rats
106 creatures vanquished.

Notes
Turn   | Place    | Note
-------+----------+-------------------------------------------
     0 | D:1      | Therru the Minotaur Fighter began the quest for the Orb.
     0 | D:1      | Reached XP level 1. HP: 19/19 MP: 0/0
   204 | D:1      | Reached XP level 2. HP: 27/27 MP: 1/1
   514 | D:1      | Found a faded altar of an unknown god.
   824 | D:1      | Reached XP level 3. HP: 33/33 MP: 2/2
   864 | D:1      | Reached skill level 1 in Dodging
  1376 | D:2      | Reached XP level 4. HP: 40/40 MP: 3/3
  2780 | D:4      | Found a glowing silver altar of Zin.
  2946 | D:4      | Reached XP level 5. HP: 46/46 MP: 4/4
  3245 | D:4      | Found a staircase to the Ecumenical Temple.
  3259 | Temple   | Entered the Ecumenical Temple
  3440 | Temple   | Became a worshipper of Makhleb the Destroyer
  3967 | D:4      | Noticed an orc warrior
  3991 | D:5      | Entered Level 5 of the Dungeon
  3993 | D:5      | Reached XP level 6. HP: 16/53 MP: 5/5
  4259 | D:5      | Killed an orc warrior
  4260 | D:5      | Reached skill level 5 in Maces & Flails
  4567 | D:4      | Reached skill level 5 in Armour
  4608 | D:4      | Reached skill level 5 in Shields
  4679 | D:4      | Reached skill level 5 in Fighting
  4998 | D:5      | Reached XP level 7. HP: 48/61 MP: 6/6
  5309 | D:5      | Noticed a two-headed ogre
  5319 | D:5      | HP: 2/61 [two-headed ogre/+0 giant spiked club (25)]
  5319 | D:5      | Mangled by a two-headed ogre

Illustrated notes

Levels and vault maps discovered:
D:1:      dpeg_arrival_long_road, layout_basic, ebering_ecumenical_altar_hall
D:2:      layout_basic
D:3:      layout_basic, nicolae_overflow_hidden_temple, minmay_ruptured
D:4:      layout_cave_pods, zin_treasury, minmay_temple_entry_tees,
          grunt_ministairs_3, minmay_divided_ellipse
D:5:      kennysheep_big_flooded_room, layout_loops_cross,
          mainiacjoe_overflow_alcove_2, hangedman_minor_gate_pass,
          uniq_menkaure, uniq_blork_the_orc
Temple:   mainiacjoe_temple_coin_purse

Skill      XL: |  1  2  3  4  5  6 |
---------------+-------------------+-----
Maces & Flails | 3 4 5 |  5.9
Dodging        | 1 2 3 |  3.2
Armour         | 4 5 |  5.2
Shields        | 4 5 |  5.2
Fighting       | 4 5 |  5.2

Action                   |  1- 3 |  4- 6 |  7- 9 || total
-------------------------+-------+-------+-------++-------
Melee: Flail             |    80 |   134 |    23 ||   237
       Headbutt          |    13 |    20 |     3 ||    36
  Use: Scroll            |       |     3 |       ||     3
       Potion            |       |     1 |       ||     1
Armor: Scale mail        |    30 |    63 |    16 ||   109
Dodge: Dodged            |    40 |    67 |     5 ||   112
Block: Buckler           |    14 |    41 |     2 ||    57
